Map: 凯罗斯中转站-天梯版

Players

Demi

  • Race: Zerg Zerg
  • League: Diamond

SpeCial - Winner!

  • Race: Terran Terran

Event: WESG 2018 Grand Finals

VOD

Have the link to the VOD?

Description

Time

  • Played on: March 11, 2019, 6:22 a.m.
  • Length: 7:46

All games in this series

Show
View Real Time Build Order
Export as new Build Order

Demi Zerg 

Build Orders: Pool First 

Get SALT Encoding   

  12  0:00  Drone  
  13  0:12  Overlord  
  13  0:17  Drone  
  14  0:30  Drone x2  
  16  0:36  Drone  
  17  0:44  Extractor  
  17  0:45  Drone  
  17  0:51  Spawning Pool  
  17  0:57  Drone  
  17  1:14  Hatchery  
  17  1:17  Drone  
  17  1:25  Drone  
  18  1:40  Roach Warren, Zergling x2  
  18  1:49  Queen  
  20  1:56  Overlord  
  20  2:20  Roach x2  
  20  2:21  Roach  
  26  2:26  Queen  
  26  2:29  Roach  
  29  2:34  Drone  
  30  2:40  Overlord  
  30  2:46  Ravager x2  
  30  2:51  Overlord  
  32  2:57  Drone  
  32  2:58  Drone  
  34  3:06  Drone x2  
  36  3:14  Drone  
  36  3:15  Drone x2  
  39  3:20  Drone  
  39  3:21  Drone  
  39  3:26  Ravager  
  42  3:28  Drone  
  42  3:29  Drone  
  44  3:44  Drone x2  
  44  3:45  Drone x3  
  49  3:57  Overlord  
  49  3:58  Metabolic Boost  
  49  4:02  Drone  
  48  4:11  Drone x2  
  48  4:12  Drone x2  
  52  4:19  Hatchery  
  48  4:27  Overlord  
  48  4:28  Zergling x2  
  48  4:29  Zergling x8  
  48  4:30  Queen  
  52  4:35  Roach  
  54  4:39  Overlord x2  
  54  4:44  Overlord x2  
  54  4:52  Zergling x4  
  52  4:54  Queen  
  52  4:57  Evolution Chamber  
  53  5:01  Drone  
  53  5:06  Zergling x8  
  58  5:09  Drone x2  
  58  5:10  Drone  
  61  5:19  Spore Crawler, Drone  
  61  5:20  Drone  
  62  5:24  Spore Crawler, Zerg Ground Armor Level 1  
  62  5:26  Evolution Chamber  
  60  5:32  Drone x2  
  60  5:34  Queen  
  64  5:36  Drone  
  64  5:39  Drone  
  64  5:40  Drone  
  64  5:41  Spore Crawler  
  64  5:42  Drone x3  
  68  5:52  Lair  
  68  5:55  Drone  
  68  5:56  Drone x4, Extractor  
  72  5:57  Extractor  
  72  6:01  Drone  
  72  6:02  Drone  
  73  6:08  Drone x2  
  75  6:15  Drone x3  
  75  6:16  Drone x2  
  80  6:24  Baneling Nest  
  79  6:28  Extractor x2  
  79  6:31  Drone  
  79  6:32  Drone x2  
  80  6:33  Drone x3  
  80  6:35  Overlord  
  82  6:41  Zergling x8  
  82  6:44  Queen, Hatchery  
  87  6:50  Zergling x2  
  87  6:51  Zergling x2  
  89  6:59  Overlord x3, Drone x2  
  89  7:00  Zergling x2  
  96  7:01  Zergling x10  
  96  7:06  Overlord  
  96  7:07  Baneling  
  96  7:08  Baneling x6  
  96  7:18  Overlord  
  96  7:19  Overlord  
  98  7:23  Baneling x4  
  98  7:24  Baneling  
  98  7:25  Zergling x2  
  98  7:26  Zergling x2  
Show
View Real Time Build Order
Export as new Build Order

SpeCial Terran - Winner!

Build Orders: Reaper Expand 

Get SALT Encoding   

  12  0:00  SCV  
  13  0:12  SCV  
  14  0:17  Supply Depot  
  14  0:24  SCV  
  15  0:38  SCV  
  15  0:40  Barracks  
  16  0:44  Refinery  
  16  0:51  SCV  
  17  1:03  SCV  
  18  1:15  SCV  
  19  1:28  Orbital Command  
  19  1:29  Reaper  
  20  1:41  Command Center  
  20  1:51  Supply Depot  
  20  1:54  SCV  
  20  2:00  Marine  
  22  2:07  Factory  
  22  2:09  SCV  
  22  2:15  Refinery  
  23  2:21  SCV  
  24  2:23  Barracks Reactor  
  24  2:30  Bunker  
  24  2:33  SCV  
  25  2:45  SCV  
  26  2:52  Starport  
  26  2:56  Orbital Command  
  26  3:00  Marine x2, SCV  
  26  3:02  Factory Tech Lab  
  29  3:12  SCV  
  30  3:13  Supply Depot  
  30  3:16  Orbital Command  
  32  3:22  Cyclone  
  32  3:26  SCV  
  34  3:27  Marine  
  34  3:28  Marine  
  34  3:33  Medivac  
  38  3:44  SCV  
  38  3:46  SCV  
  38  3:56  Barracks Reactor, SCV  
  38  4:00  SCV  
  39  4:07  Siege Tank  
  39  4:08  SCV  
  43  4:12  Orbital Command  
  43  4:20  SCV  
  44  4:26  Barracks x2  
  44  4:32  SCV  
  44  4:33  Engineering Bay, Marine  
  44  4:36  Starport Tech Lab  
  46  4:44  Marine, Supply Depot, SCV x2  
  48  4:56  SCV x2  
  48  4:58  Supply Depot  
  50  5:02  Terran Infantry Weapons Level 1  
  50  5:05  Starport Reactor  
  50  5:08  Siege Tank, SCV x2  
  50  5:11  Supply Depot  
  55  5:15  Barracks Reactor  
  55  5:17  Marine  
  55  5:20  SCV x2  
  58  5:25  Refinery  
  58  5:30  Supply Depot  
  58  5:32  SCV x2  
  58  5:33  Marine  
  58  5:34  Marine  
  58  5:35  Marine  
  63  5:41  Supply Depot  
  63  5:44  SCV, Supply Depot  
  63  5:46  SCV  
  65  5:51  Marine x2  
  65  5:52  Refinery  
  65  5:53  Marine  
  65  5:56  Medivac x2  
  65  5:57  SCV  
  73  5:59  Supply Depot  
  73  6:00  Marine x2  
  75  6:05  SCV  
  75  6:09  Marine  
  75  6:10  Marine, Siege Tank  
  75  6:11  Marine  
  82  6:17  Liberator  
  83  6:21  Marine, Supply Depot  
  83  6:22  Marine  
  84  6:27  Marine  
  84  6:28  Marine x2  
  87  6:35  Liberator  
  87  6:39  Marine x2  
  90  6:45  Marine  
  90  6:46  Marine x2  
  95  6:53  Command Center  
  98  6:57  Marine x2  
  100  7:02  Marine  
  100  7:04  Marine x2  
  100  7:07  Barracks x2, SCV x2  
  105  7:11  Siege Tank  
  108  7:16  Marine  
  108  7:22  Marine  
  110  7:24  Marine x2  
  110  7:27  SCV x2  
  114  7:33  Supply Depot  
Tags
 
Add a new tag
Caveats
  • Supply blocks, unpowered buildings, or Contaminate may cause inaccurate times.
  • Supply counts are checked every 10 seconds.